NWL (28 & UNDER)
BISMARK BORDER GUARDS @ SAN DIEGO SMASHERS
05/14/2028
 
TOP OF THE 1ST
Bismark Border Guards batting - Pitching for San Diego Smashers : RHP Craig Lewis
Pitching: RHP Craig Lewis
Batting: LHB Juan Viera 0-0: Foul Ball, location: 2F
0-1: Ball
1-1: Ball
2-1: Ball
3-1: Called Strike
3-2: Strikes out swinging
Batting: RHB Pedro Rodríguez 0-0: Ball
1-0: Foul Ball, location: 2F
1-1: Ball
2-1: Foul Ball, location: 2F
2-2: Strikes out looking
Batting: RHB Jacob Hill 0-0: Called Strike
0-1: Fly out, F9 (Flyball, 89S)
Top of the 1st over - 0 run(s), 0 hit(s), 0 error(s), 0 left on base; Bismark 0 - San Diego 0
BOTTOM OF THE 1ST
San Diego Smashers batting - Pitching for Bismark Border Guards : RHP Miguel Valenzuela
Pitching: RHP Miguel Valenzuela
Batting: LHB Michael Myers 0-0: Called Strike
0-1: Ball
1-1: Ball
2-1: Ball
3-1: Base on Balls
Batting: RHB Gerald Davis 0-0: Ball
1-0: Ball
2-0: Foul Ball, location: 2F
2-1: Foul Ball, location: 2F
2-2: Ground out U3 (Groundball, 34S)
Michael Myers to second
Batting: LHB Ethan Shaw 0-0: Called Strike
0-1: Fly out, F9 (Line Drive, 9)
Batting: LHB Richard Brooks 0-0: Ball
1-0: Swinging Strike
1-1: Ball
2-1: Called Strike
2-2: Ball
3-2: Foul Ball, location: 2F
3-2: Foul Ball, location: 2F
3-2: Foul Ball, location: 2F
3-2: Foul Ball, location: 2F
3-2: Base on Balls
Batting: RHB Javier González 0-0: Foul Ball, location: 2F
0-1: Ball
1-1: Swinging Strike
1-2: Strikes out swinging
Bottom of the 1st over - 0 run(s), 0 hit(s), 0 error(s), 2 left on base; Bismark 0 - San Diego 0
TOP OF THE 2ND
Bismark Border Guards batting - Pitching for San Diego Smashers : RHP Craig Lewis
Batting: RHB Enrique Soto 0-0: Foul Ball, location: 2F
0-1: Ball
1-1: Ball
2-1: Ball
3-1: Fly out, F7 (Flyball, 78S)
Batting: SHB Vicente Pagán 0-0: Ball
1-0: Foul Ball, location: 2F
1-1: Fly out, F8 (Flyball, 8LM)
Batting: LHB Manuel Pérez 0-0: Foul Ball, location: 2F
0-1: Ball
1-1: Ball
2-1: Ground out U3 (Groundball, 34)
Top of the 2nd over - 0 run(s), 0 hit(s), 0 error(s), 0 left on base; Bismark 0 - San Diego 0
BOTTOM OF THE 2ND
San Diego Smashers batting - Pitching for Bismark Border Guards : RHP Miguel Valenzuela
Batting: RHB Ray Rogers 0-0: Fly out, F9 (Flyball, 89M)
Batting: RHB John Nelson 0-0: Ball
1-0: Foul Ball, location: 2F
1-1: Swinging Strike
1-2: Ball
2-2: Foul Ball, location: 2F
2-2: Foul Ball, location: 2F
2-2: Ball
3-2: Strikes out swinging
Batting: RHB Gustavo Torres 0-0: Foul Ball, location: 2F
0-1: Ground out 5-3 (Groundball, 56)
Bottom of the 2nd over - 0 run(s), 0 hit(s), 0 error(s), 0 left on base; Bismark 0 - San Diego 0
TOP OF THE 3RD
Bismark Border Guards batting - Pitching for San Diego Smashers : RHP Craig Lewis
Batting: LHB Norbert Mosley 0-0: Ball
1-0: Swinging Strike
1-1: Called Strike
1-2: Foul Ball, location: 2F
1-2: Ball
2-2: Foul Ball, location: 2F
2-2: Ball
3-2: Strikes out swinging
Batting: RHB Howard Russell 0-0: Foul Ball, location: 2F
0-1: Ball
1-1: Ground out 5-3 (Groundball, 56)
Batting: RHB Rodrigo García 0-0: Ball
1-0: Ground out 6-3 (Groundball, 6)
Top of the 3rd over - 0 run(s), 0 hit(s), 0 error(s), 0 left on base; Bismark 0 - San Diego 0
BOTTOM OF THE 3RD
San Diego Smashers batting - Pitching for Bismark Border Guards : RHP Miguel Valenzuela
Batting: RHB José Oliveira 0-0: Ground out 6-3 (Groundball, 6)
Batting: LHB Michael Myers 0-0: Ball
1-0: Called Strike
1-1: Called Strike
1-2: Ball
2-2: Foul Ball, location: 2F
2-2: Ball
3-2: Base on Balls
Batting: RHB Gerald Davis 0-0: Called Strike
0-1: Ball
1-1: Called Strike
1-2: Ball
2-2: Ball
3-2: Base on Balls
Michael Myers to second
Batting: LHB Ethan Shaw 0-0: Fly out, F9 (Flyball, 9)
Batting: LHB Richard Brooks 0-0: Ball
1-0: Ball
2-0: Ball
3-0: Base on Balls
Michael Myers to third
Gerald Davis to second
Batting: RHB Javier González 0-0: Called Strike
0-1: Foul Ball, location: 2F
0-2: Ball
1-2: Reached on error, E3 (Groundball, 34)
Michael Myers scores
Gerald Davis to third
Richard Brooks to second
Batting: RHB Ray Rogers 0-0: Called Strike
0-1: Ball
1-1: Foul Ball, location: 2F
1-2: Strikes out swinging
Bottom of the 3rd over - 1 run(s), 0 hit(s), 1 error(s), 3 left on base; Bismark 0 - San Diego 1
TOP OF THE 4TH
Bismark Border Guards batting - Pitching for San Diego Smashers : RHP Craig Lewis
Batting: LHB Juan Viera 0-0: Foul Ball, location: 2F
0-1: Ball
1-1: Called Strike
1-2: Ball
2-2: Foul Ball, location: 2F
2-2: Ball
3-2: Strikes out looking
Batting: RHB Pedro Rodríguez 0-0: Called Strike
0-1: Foul Ball, location: 2F
0-2: Strikes out swinging
Batting: RHB Jacob Hill 0-0: Called Strike
0-1: Fly out, F5 (Line Drive, 56)
Top of the 4th over - 0 run(s), 0 hit(s), 0 error(s), 0 left on base; Bismark 0 - San Diego 1
BOTTOM OF THE 4TH
San Diego Smashers batting - Pitching for Bismark Border Guards : RHP Miguel Valenzuela
Batting: RHB John Nelson 0-0: Called Strike
0-1: Ball
1-1: Swinging Strike
1-2: Ball
2-2: Ball
3-2: Foul Ball, location: 2F
3-2: Foul Ball, location: 2F
3-2: Foul Ball, location: 2F
3-2: Ground out 5-3 (Groundball, 56S)
Batting: RHB Gustavo Torres 0-0: Ball
1-0: Ball
2-0: Swinging Strike
2-1: Foul Ball, location: 2F
2-2: Ground out 5-3 (Groundball, 56S)
Batting: RHB José Oliveira 0-0: Ball
1-0: Foul Ball, location: 2F
1-1: Foul Ball, location: 2F
1-2: Strikes out looking
Bottom of the 4th over - 0 run(s), 0 hit(s), 0 error(s), 0 left on base; Bismark 0 - San Diego 1
TOP OF THE 5TH
Bismark Border Guards batting - Pitching for San Diego Smashers : RHP Craig Lewis
Batting: RHB Enrique Soto 0-0: Ball
1-0: Called Strike
1-1: Ball
2-1: Foul Ball, location: 2F
2-2: Ball
3-2: Fly out, F9 (Line Drive, 9)
Batting: SHB Vicente Pagán 0-0: Foul Ball, location: 2F
0-1: Called Strike
0-2: Foul Ball, location: 2F
0-2: SINGLE (Line Drive, 4D)
Batting: LHB Manuel Pérez 0-0: Foul Ball, location: 2F
0-1: Foul Ball, location: 2F
0-2: Ball
1-2: Strikes out swinging
Batting: LHB Norbert Mosley 0-0: Ball
1-0: Foul Ball, location: 2F
1-1: Foul Ball, location: 2F
1-2: Ball
2-2: Strikes out swinging
Top of the 5th over - 0 run(s), 1 hit(s), 0 error(s), 1 left on base; Bismark 0 - San Diego 1
BOTTOM OF THE 5TH
San Diego Smashers batting - Pitching for Bismark Border Guards : RHP Miguel Valenzuela
Batting: LHB Michael Myers 0-0: Ball
1-0: Foul Ball, location: 2F
1-1: Foul Ball, location: 2F
1-2: Ball
2-2: Foul Ball, location: 2F
2-2: Ball
3-2: Ground out 3-1 (Groundball, 34)
Batting: RHB Gerald Davis 0-0: Called Strike
0-1: Foul Ball, location: 2F
0-2: Foul Ball, location: 2F
0-2: Foul Ball, location: 2F
0-2: Ball
1-2: Ball
2-2: Fly out, F7 (Flyball, 7)
Batting: LHB Ethan Shaw 0-0: Ball
1-0: Ball
2-0: Ball
3-0: Base on Balls
Pitching: LHP Bartolomeo Balsamo
Batting: LHB Richard Brooks 0-0: Ball
1-0: Called Strike
1-1: Ball
2-1: Ball
3-1: Base on Balls
Ethan Shaw to second
Batting: RHB Javier González 0-0: Ball
1-0: SINGLE (Line Drive, 7S)
Ethan Shaw to third
Richard Brooks to second
Runner from 3rd tries for Home, SAFE, no throw
Batting: RHB Ray Rogers 0-0: Swinging Strike
0-1: Foul Ball, location: 2F
0-2: Ball
1-2: Strikes out looking
Bottom of the 5th over - 1 run(s), 1 hit(s), 0 error(s), 2 left on base; Bismark 0 - San Diego 2
TOP OF THE 6TH
Bismark Border Guards batting - Pitching for San Diego Smashers : RHP Craig Lewis
Batting: RHB Howard Russell 0-0: Called Strike
0-1: Swinging Strike
0-2: Ball
1-2: Strikes out swinging
Batting: RHB Rodrigo García 0-0: Called Strike
0-1: Ball
1-1: Ball
2-1: Ball
3-1: Foul Ball, location: 2F
3-2: Base on Balls
Batting: LHB Juan Viera 0-0: Swinging Strike
0-1: Called Strike
0-2: Strikes out swinging
Batting: RHB Pedro Rodríguez 0-0: Foul Ball, location: 2F
0-1: Foul Ball, location: 2F
0-2: Foul Ball, location: 2F
0-2: Ball
1-2: Ball
2-2: Foul Ball, location: 2F
2-2: Foul Ball, location: 2F
2-2: Strikes out looking
Top of the 6th over - 0 run(s), 0 hit(s), 0 error(s), 1 left on base; Bismark 0 - San Diego 2
BOTTOM OF THE 6TH
San Diego Smashers batting - Pitching for Bismark Border Guards : LHP Bartolomeo Balsamo
Batting: RHB John Nelson 0-0: Swinging Strike
0-1: Foul Ball, location: 2F
0-2: Fly out, F8 (Flyball, 8RM)
Batting: RHB Gustavo Torres 0-0: Ball
1-0: Ball
2-0: Called Strike
2-1: Ground out 6-3 (Groundball, 56)
Batting: RHB José Oliveira 0-0: Ball
1-0: Foul Ball, location: 2F
1-1: Ball
2-1: Ball
3-1: Foul Ball, location: 2F
3-2: Foul Ball, location: 2F
3-2: Ground out 5-3 (Groundball, 56S)
Bottom of the 6th over - 0 run(s), 0 hit(s), 0 error(s), 0 left on base; Bismark 0 - San Diego 2
TOP OF THE 7TH
Bismark Border Guards batting - Pitching for San Diego Smashers : RHP Craig Lewis
Pitching: RHP Norberto Deleón
Batting: RHB Jacob Hill 0-0: Called Strike
0-1: Called Strike
0-2: Ball
1-2: Foul Ball, location: 2F
1-2: Ball
2-2: Foul Ball, location: 2F
2-2: Ball
3-2: Foul Ball, location: 2F
3-2: Base on Balls
Batting: RHB Enrique Soto 0-0: Fly out, F7 (Flyball, 78S)
Pinch Runner at 1st Júlio Romano:
Batting: SHB Vicente Pagán 0-0: Ball
1-0: Ball
2-0: Foul Ball, location: 2F
2-1: Ball
3-1: Called Strike
3-2: Strikes out swinging
Júlio Romano is caught stealing 2nd base
Batter strikes out.
Top of the 7th over - 0 run(s), 0 hit(s), 0 error(s), 0 left on base; Bismark 0 - San Diego 2
BOTTOM OF THE 7TH
San Diego Smashers batting - Pitching for Bismark Border Guards : LHP Bartolomeo Balsamo
Now at 1B: Vincent Braun
Batting: LHB Michael Myers 0-0: Ball
1-0: Ball
2-0: Called Strike
2-1: Ball
3-1: Foul Ball, location: 2F
3-2: Fly out, F9 (Flyball, 9LM)
Batting: RHB Gerald Davis 0-0: Ball
1-0: Called Strike
1-1: Swinging Strike
1-2: SINGLE (Line Drive, 8RS)
Batting: LHB Ethan Shaw 0-0: Called Strike
0-1: Ball
1-1: Ball
2-1: Ball
3-1: Fly out, F7 (Flyball, 7LMF)
Batting: LHB Richard Brooks 0-0: Ball
Gerald Davis steals 2nd base
1-0: Foul Ball, location: 2F
1-1: Called Strike
1-2: Ball
2-2: Ball
3-2: Strikes out looking
Bottom of the 7th over - 0 run(s), 1 hit(s), 0 error(s), 1 left on base; Bismark 0 - San Diego 2
TOP OF THE 8TH
Bismark Border Guards batting - Pitching for San Diego Smashers : RHP Norberto Deleón
Batting: LHB Manuel Pérez 0-0: Foul Ball, location: 2F
0-1: Ball
1-1: Ball
2-1: Ball
3-1: Foul Ball, location: 2F
3-2: Foul Ball, location: 2F
3-2: Base on Balls
Pitching: LHP Mike Stevens
Pinch Runner at 1st José Vidal:
Batting: LHB Norbert Mosley 0-0: Called Strike
0-1: Ball
1-1: Ball
2-1: Ball
3-1: Base on Balls
José Vidal to second
Pitching: RHP Rick Hernández
Batting: RHB Howard Russell 0-0: Called Strike
0-1: Sac Bunt - play at first, batter OUT! 1-3
José Vidal to third
Norbert Mosley to second
Batting: RHB Rodrigo García 0-0: Ball
1-0: Foul Ball, location: 2F
1-1: Ball
2-1: Ball
3-1: Foul Ball, location: 2F
3-2: Strikes out looking
Pitching: LHP Brock Saunders
Pinch Hitting: RHB Jorge Montoya 0-0: Foul Ball, location: 2F
0-1: Foul Ball, location: 2F
0-2: Strikes out swinging
Top of the 8th over - 0 run(s), 0 hit(s), 0 error(s), 2 left on base; Bismark 0 - San Diego 2
BOTTOM OF THE 8TH
San Diego Smashers batting - Pitching for Bismark Border Guards : LHP Bartolomeo Balsamo
Now at SS: José Vidal
Now in LF: Jorge Montoya
Batting: RHB Javier González 0-0: Called Strike
0-1: Ball
1-1: Called Strike
1-2: Ball
2-2: Foul Ball, location: 2F
2-2: Reached on error, E6 (Groundball, 6M)
Pitching: RHP Jorge Chávez
Batting: RHB Ray Rogers 0-0: Called Strike
0-1: Ball
1-1: Sac Bunt - play at first, batter OUT! 1-3
Javier González to third
Batting: RHB John Nelson 0-0: Ground out 6-3 (Groundball, 6)
Batting: RHB Gustavo Torres 0-0: Called Strike
0-1: Called Strike
0-2: Ball
1-2: Foul Ball, location: 2F
1-2: Strikes out looking
Bottom of the 8th over - 0 run(s), 0 hit(s), 1 error(s), 1 left on base; Bismark 0 - San Diego 2
TOP OF THE 9TH
Bismark Border Guards batting - Pitching for San Diego Smashers : LHP Brock Saunders
Pitching: RHP Joe Shoemaker
Batting: RHB Pedro Rodríguez 0-0: Called Strike
0-1: Ball
1-1: Called Strike
1-2: Ball
2-2: Foul Ball, location: 2F
2-2: Strikes out swinging
Batting: RHB Vincent Braun 0-0: Ball
1-0: Ball
2-0: Called Strike
2-1: Foul Ball, location: 2F
2-2: SINGLE (Groundball, 34D)
Batting: RHB Enrique Soto 0-0: Ball
1-0: Fly out, F6 (Line Drive, 6MD)
Batting: SHB Vicente Pagán 0-0: Ball
1-0: Ball
2-0: Ball
3-0: Called Strike
3-1: Foul Ball, location: 2F
3-2: Base on Balls
Vincent Braun to second
Pinch Runner at 2nd Darren Cook:
Pinch Hitting: RHB Danny Spode 0-0: Ball
1-0: Ball
2-0: Called Strike
2-1: Ball
3-1: Fly out, F4 (Popup, 4)
Top of the 9th over - 0 run(s), 1 hit(s), 0 error(s), 2 left on base; Bismark 0 - San Diego 2
Tuesday, August 8th, 2017 - OOTP Baseball 17.12 Build 75